[Event "*** Titled Tuesday 3|2 Blitz"]
[Site "Chess.com"]
[Date "2016.05.03"]
[Round "8"]
[White "charlescandycampbell"]
[Black "CraiggoryC"]
[Result "1-0"]
[WhiteElo "2065"]
[BlackElo "2081"]
[TimeControl "180+2"]
[EndTime "12:47:05 PDT"]
[Termination "charlescandycampbell won by resignation"]

1. d4 e6 2. c4 Nf6 3. Nc3 c5 4.
d5 d6 5. Nf3 exd5 6. cxd5 g6 7.
g3 Bg7 8. Bg2 O-O 9. O-O a6 10. a4 Nbd7 11. Nd2 Re8 12. Nc4 Nb6 13. Na3 Bd7 14. a5 Nc8 15. Nc4 Bb5 16. Qb3 Bxc4 17.
Qxc4 b5 18. axb6 Nxb6 19. Qd3 c4 20. Qc2 Nfd7 21. Be3 Ne5 22. h3 Nbd7 23. Rfd1 Qc7 24. Bd4 Nc5 25. Bxc5 Qxc5 26. Ra4 Reb8 27. Rda1 Rb6 28.
R4a2 Rab8 29. Na4 Qb5 30. Nxb6 Rxb6 31. Kh2 Nd7 32. Rc1 Nc5 33. Qxc4 Bxb2 34. Qxb5 Rxb5 35.
Rb1 Bd4 36. Rxb5 axb5 37. Ra8+ Kg7 38. Rb8 Bxf2 39. Rxb5 Na4 40. Rb4 Nc3 41. Bf3 Bc5 42. Rc4 Nd1 43. h4 Kf6 44. Rf4+ Kg7 45. Ra4 h5 46. g4 hxg4 47. Bxg4 Ne3 48. Bf3 Nf5 49. h5 gxh5 50. Bxh5 Kf6 51. Bf3 Ke5 52. Re4+ Kf6 53. Rg4 Ne3 54. Rg8 Nf1+ 55. Kh3 Nd2 56. Kg4 Nxf3 57.
exf3 Ke5 58. Rg5+ Kd4 59. Rf5 f6 60. Kf4 Bb4 61. Rxf6 Kxd5 62. Ke3 Bc5+ 63. Kd3 Ke5 64. Rf8 d5 65. Rf7 d4 66. Rc7 Bd6 67. Rd7 Ke6 68. Rh7 Be5 69. Ke4 Bf6 70. Rh6 Kf7 71. Kf5 Bg7 72. Rh7 d3 73. Rh2 Bc3 74. Ke4 d2 75. Rh1 Kg6 76. Kd3 Ba5 77. Ke2 Kf5 78.
Rh5+ Kf4 79. Rxa5 d1=Q+ 80. Kxd1 1-0

[Event "*** Titled Tuesday 3|2 Blitz"]
[Site "Chess.com"]
[Date "2016.05.03"]
[Round "8"]
[White "rhungaski"]
[Black "vinceyoung15"]
[Result "1/2-1/2"]
[WhiteElo "2435"]
[BlackElo "2152"]
[TimeControl "180+2"]
[EndTime "12:47:06 PDT"]
[Termination "Game drawn by repetition"]

1. Nf3 d5 2. d4 e6 3. c4 Be7 4. g3 Nf6 5. Bg2 O-O 6. O-O c6 7. Qc2 Nbd7 8. Rd1 b6 9. b3 Bb7 10. Nc3 Rc8 11. e4 Bb4 12. e5 Bxc3 13. Qxc3 Ne4 14.
Qe3 f5 15. exf6 Ndxf6 16. Ne5 c5 17. Bb2 Qe7 18. f3 Nd6 19. dxc5 bxc5 20. Rac1 d4 21. Qe2 Nf5 22. Ba3 Ne3 23. Rxd4 Nxg2 24. Kxg2 Qc7 25.
Rd3 Rcd8 26. Rcd1 Rxd3 27. Rxd3 h5 28. Kg1 h4 29. Bb2 Nh5 30. Qf2 Rd8 31. Qd2 Rxd3 32. Qxd3 hxg3 33. hxg3 Nxg3 34. Qg6 Ne2+ 35. Kf2 Nf4 36.
Qe8+ Kh7 37. Ke3 Ng2+ 38. Kf2 Nf4 39. Kg3 Ne2+ 40. Kg4 Nd4 41. Qg6+ Kg8 42. Bxd4 cxd4 43. Qxe6+ Kh7 44. Qg6+ Kg8 45. Qe8+ Kh7 46. f4 Bc8+ 47.
Kg5 d3 48. Qh5+ Kg8 49. Qe8+ Kh7 50. Qg6+ Kg8 51. Qe8+ Kh7 52. f5 d2 53. Qh5+ Kg8 54. Qe8+ Kh7 55. Qh5+ Kg8 56. Qe2 d1=Q 57. Qxd1 Qxe5 58.
Qd8+ Kf7 59. Qxc8 Qg3+ 60. Kh5 Qh3+ 61. Kg5 Qg3+ 62. Kh5 Qh3+ 63. Kg5 Qg3+ 64. Kh5 Qh3+ 65. Kg5 1/2-1/2

[Event "*** Titled Tuesday 3|2 Blitz"]
[Site "Chess.com"]
[Date "2016.05.03"]
[Round "8"]
[White "platy3"]
[Black "Sophiste2"]
[Result "1/2-1/2"]
[WhiteElo "2665"]
[BlackElo "2782"]
[TimeControl "180+2"]
[EndTime "12:47:08 PDT"]
[Termination "Game drawn by agreement"]

1. e4 g6 2. d4 Bg7 3. Nf3 d6 4. Bc4 Nf6 5. Qe2 O-O 6. O-O Bg4 7. h3 Bxf3 8. Qxf3 Nfd7 9. c3 e5 10. Rd1 Nc6 11. Be3 exd4 12. cxd4 Nb6 13. Bb3 Na5 14. Na3 Nxb3 15. axb3 Re8 16. Rac1 c6 17.
Bf4 Qe7 18. Nc4 Nxc4 19. bxc4 Qxe4 20. Bxd6 Qxf3 21. gxf3 Re2 22. b4 Rd8 23. c5 Rb2 24.
Rc4 f5 25. d5 Bf6 26. dxc6 bxc6 27. Ra1 Rd7 28. Ra6 Be7 29. Rxc6 Bxd6 30. Rxd6 Rxd6 31. cxd6 Kf7 32. Rc7+ Ke6 33. d7 Ke7 34. Rb7 a5 35. b5 a4 36. b6 a3 37. Kg2 h6 38. Ra7 Rxb6 39. Rxa3 Kxd7 40. Ra7+ Ke6 41. Rh7 h5 42.
Rg7 Kf6 43. Rg8 Kg5 44. Ra8 Rb4 45. Ra3 Kf4 46. Rc3 Rd4 47. Ra3 Kg5 48. Rb3 Kh4 49. Ra3 g5 50. Rb3 Rf4 51. Ra3 Rc4 52. Rd3 f4 53.
Rb3 g4 54. hxg4 hxg4 55. fxg4 Kxg4 56. Ra3 Rd4 57. Rb3 Rd7 58. Ra3 Rf7 59. Rf3 Rh7 60. Ra3 Rf7 61. Rf3 Rf6 62. Rh3 f3+ 63. Kh2 Re6 64. Rh8 Rg6 65. Rh7 Rf6 66. Rg7+ Kf4 67. Rh7 Ke4 68. Rg7 Kf4 69. Rh7 Rf8 70. Rh4+ Kg5 71.
Kg3 Rd8 72. Rg4+ Kh5 73. Rf4 Kg5 74. Rxf3 Rd4 75. Ra3 Rg4+ 76. Kf3 Rf4+ 77. Kg2 Rb4 78. f3 Kf4 79. Ra2 Rc4 80. Re2 Rb4 81. Kf2 Rc4 82.
Re8 Rc2+ 83. Re2 Rc4 84. Rd2 Ra4 85. Rc2 Rb4 86. Re2 Ra4 87. Re8 Ra2+ 88. Re2 Ra4 1/2-1/2

[Event "*** Titled Tuesday 3|2 Blitz"]
[Site "Chess.com"]
[Date "2016.05.03"]
[Round "8"]
[White "arna"]
[Black "the_drake"]
[Result "1-0"]
[WhiteElo "2146"]
[BlackElo "2182"]
[TimeControl "180+2"]
[EndTime "12:47:09 PDT"]
[Termination "arna won by checkmate"]

1. e4 e5 2. Nf3 Nc6 3. Nc3 Nf6 4. Be2 Bc5 5. Nxe5 Nxe5 6. d4 Bxd4 7. Qxd4 Nc6 8. Qd1 O-O 9. Bg5 h6 10. Bh4 Qe7 11. O-O Qe5 12. Bg3 Qa5 13. a3 d6 14.
b4 Qg5 15. f4 Qg6 16. f5 Qh7 17. Bd3 Ne5 18. Nb5 Ne8 19. Qd2 a6 20. Nd4 Nf6 21.
Qc3 c6 22. h3 Bd7 23. Bxe5 dxe5 24. Nf3 Bxf5 25. exf5 e4 26. Rae1 exd3 27. Ne5 dxc2 28.
g4 Nd5 29. Qxc2 h5 30. g5 h4 31. Qg2 Qh5 32. Re4 f6 33. gxf6 Rxf6 34. Ng4 Rxf5 35. Rfe1 Nf6 36. Re5 Nxg4 37. hxg4 Rxe5 38. gxh5 Rxe1+ 39. Kh2 Rae8 40. Qg6 R8e6 41. Qf5 Rf6 42. Qc8+ Kh7 43.
Qxb7 Re3 44. Qb6 Rf2+ 45. Kg1 Rfe2 46. Qxa6 Rd2 47. Kf1 Rh3 48. Qxc6 Rg3 49. Qe4+ Kh6 50. Qf4+ Kxh5 51. Qxd2 g5 52. b5 Rxa3 53. Qe2+ Kh6 54. b6 Ra1+ 55. Kf2 Rb1 56. Qe6+ Kh5 57. Qe2+ Kh6 58.
Qe6+ Kh5 59. Qf7+ Kg4 60. Qd7+ Kh5 61. Qh7+ Kg4 62. Qxb1 Kh3 63. Qd3+ Kg4 64. Qf3# 1-0

[Event "*** Titled Tuesday 3|2 Blitz"]
[Site "Chess.com"]
[Date "2016.05.03"]
[Round "8"]
[White "Philofive"]
[Black "cool64chess"]
[Result "1-0"]
[WhiteElo "2367"]
[BlackElo "2194"]
[TimeControl "180+2"]
[EndTime "12:47:24 PDT"]
[Termination "Philofive won by resignation"]

1. d4 d5 2. Bg5 Nf6 3. e3 e6 4. c4 Be7 5. Nc3 O-O 6. Nf3 b6 7. cxd5 exd5 8. Bd3 Bb7 9. Qc2 Nbd7 10. O-O h6 11.
Bh4 c5 12. Rfd1 Rc8 13. Bf5 c4 14. Ne5 Ra8 15. Qa4 Nb8 16. b3 g6 17. Bc2 cxb3 18.
Qxb3 Na6 19. Rac1 Nc7 20. a4 Rb8 21. Bd3 Ne6 22. Bb5 g5 23. Bg3 Bd6 24. Nc6 Bxc6 25. Bxc6 Bxg3 26. hxg3 Nc7 27. Nb5 Nxb5 28. axb5 Qd6 29.
Ra1 a5 30. Rdc1 Kg7 31. Qd1 h5 32. Kf1 Rh8 33. Ke2 h4 34. gxh4 Rxh4 35. Qd3 Rh2 36. Rg1 Qe6 37. Rac1 Qg4+ 38. Kf1 Rbh8 39. Qe2 Qf5 40.
Qc2 Qe6 41. Qe2 Rh1 42. Qf3 g4 43. Qf4 Nh5 44. Qe5+ Qxe5 45. dxe5 Rxg1+ 46. Kxg1 Rd8 47. Rd1 Kg6 48. Rxd5 Rxd5 49. Bxd5 Ng7 50. f4 gxf3 51. gxf3 Kf5 52. f4 f6 53. exf6 Kxf6 54. Kf2 Ne8 55.
e4 Ke7 56. e5 Nc7 57. Bc4 a4 58. Ke3 a3 59. f5 Nxb5 60. f6+ Kf8 61. e6 Nd6 62.
e7+ Ke8 63. Bb3 b5 64. Kd4 Kd7 65. Ke5 Ne8 66. Be6+ Kc7 67. f7 1-0

[Event "*** Titled Tuesday 3|2 Blitz"]
[Site "Chess.com"]
[Date "2016.05.03"]
[Round "8"]
[White "rasool78"]
[Black "Ksenia_Legenko"]
[Result "0-1"]
[WhiteElo "2170"]
[BlackElo "2079"]
[TimeControl "180+2"]
[EndTime "12:47:29 PDT"]
[Termination "Ksenia_Legenko won on time"]

1. e4 c6 2. d3 d5 3. Nd2 e5 4.
Ngf3 Nd7 5. g3 Ngf6 6. Bg2 Bc5 7.
c3 Bb6 8. O-O O-O 9. h3 Re8 10.
Qe2 Nf8 11. Re1 Bc7 12. Nf1 Ng6 13. Qc2 Be6 14. Ne3 Qd7 15. Kh2 Rad8 16. a4 dxe4 17. dxe4 Qd3 18. Bf1 Qxc2 19. Nxc2 Bb3 20. Nb4 Bb6 21.
Kg2 a5 22. Nd3 Bc2 23. Be3 Bxe3 24. Rxe3 Rd6 25. Nfe1 Bxd3 26. Nxd3 Red8 27. f3 b6 28. Kf2 Nf8 29. b3 N6d7 30. Ra2 f6 31. h4 Ne6 32. Bh3 Ndc5 33. Nxc5 Nxc5 34. b4 Nd3+ 35. Ke2 Nc1+ 36. Kf2 Nxa2 37. bxa5 bxa5 38. g4 Rd2+ 39. Kg3 Rb2 40.
g5 Kf7 41. gxf6 gxf6 42. h5 Rg8+ 43. Kh4 Rc2 44. Rd3 Re8 45. Rd7+ Re7 46. Rd6 Rxc3 47. Bf5 h6 48. Bg6+ Kg7 49. Kg4 Nb4 50. Rd8 Ra3 51.
Ra8 Rxa4 52. Kf5 c5 53. Rc8 Nd3 54. Rd8 c4 55. Rd6 c3 56. Rxd3 Rc4 57. Rd1 c2 58.
Rc1 Rd7 59. Rg1 c1=Q 0-1

[Event "*** Titled Tuesday 3|2 Blitz"]
[Site "Chess.com"]
[Date "2016.05.03"]
[Round "8"]
[White "underdogchss"]
[Black "motivated_bishop"]
[Result "1/2-1/2"]
[WhiteElo "2361"]
[BlackElo "2308"]
[TimeControl "180+2"]
[EndTime "12:47:51 PDT"]
[Termination "Game drawn by stalemate"]

1. d4 Nf6 2. Nf3 e6 3. c4 Bb4+ 4. Bd2 Qe7 5. e3 b6 6. Bd3 Bb7 7.
Nc3 Bxc3 8. Bxc3 d6 9. O-O Nbd7 10. Nd2 O-O 11. e4 e5 12. d5 a5 13. b3 Nc5 14.
Bc2 c6 15. Re1 b5 16. dxc6 Bxc6 17. cxb5 Bxb5 18. a4 Bd7 19. Nf1 Be6 20. Rb1 Qc7 21. Qd2 Rfb8 22. b4 axb4 23. Bxb4 Qc6 24. Ng3 Nxa4 25. Bxa4 Qxa4 26. Qxd6 Qa2 27. Qxe5 Qxf2+ 28. Kxf2 Ng4+ 29. Kg1 Nxe5 30. Bd6 Rxb1 31. Rxb1 Nc4 32.
Bc7 h6 33. h3 Ra2 34. Nf1 Re2 35. Ng3 Rc2 36. Nf1 Kh7 37. Bf4 g5 38. Bg3 Kg6 39.
Bf2 h5 40. Ne3 Nxe3 41. Bxe3 Re2 42. Bf2 Rxe4 43. Re1 Ra4 44. Be3 Ra2 45. Rf1 Bd5 46. Rf2 Ra1+ 47. Rf1 Ra3 48. Bd4 f5 49. Re1 Be4 50.
Ra1 Rd3 51. Bf2 g4 52. Ra6+ Kg5 53. hxg4 hxg4 54. Ra1 g3 55. Bb6 Kg4 56. Ba5 Re3 57. Ra2 Rb3 58. Re2 Bd3 59. Re1 Rb2 60. Bc3 Rc2 61.
Be5 Be4 62. Kf1 Rf2+ 63. Kg1 Rxg2+ 64. Kf1 Rh2 65. Re3 Rh1+ 66. Ke2 Bf3+ 67. Rxf3 Re1+ 68. Kxe1 Kxf3 69. Kf1 f4 70. Bxf4 Kxf4 71. Kg2 Kg4 72. Kg1 Kf3 73. Kf1 g2+ 74. Kg1 Kg3 1/2-1/2

[Event "*** Titled Tuesday 3|2 Blitz"]
[Site "Chess.com"]
[Date "2016.05.03"]
[Round "8"]
[White "severomorskij"]
[Black "Kacparov"]
[Result "1/2-1/2"]
[WhiteElo "2604"]
[BlackElo "2604"]
[TimeControl "180+2"]
[EndTime "12:48:07 PDT"]
[Termination "Game drawn by agreement"]

1. d4 g6 2. e4 Bg7 3. Nc3 d6 4.
Be3 Nf6 5. Qd2 Ng4 6. Bg5 h6 7. Bh4 g5 8. Bg3 Nc6 9. f3 Nf6 10.
O-O-O Nh5 11. Bf2 e5 12. Nge2 O-O 13. h4 g4 14. Kb1 a6 15. Be3 Kh7 16. d5 Ne7 17. f4 exf4 18. Nxf4 Nxf4 19. Bxf4 Ng6 20.
Be3 Qe7 21. Bd3 Ne5 22. Ne2 Nxd3 23. cxd3 f5 24. Qc2 c6 25. dxc6 bxc6 26. Bd4 c5 27. Bxg7 Qxg7 28. Rhf1 Bd7 29. exf5 Bxf5 30. Ng3 Be6 31. d4+ Qg6 32. Qxg6+ Kxg6 33. Rfe1 Rf6 34. dxc5 dxc5 35. h5+ Kf7 36. b3 Re8 37. Kc1 Rf4 38. Rf1 Rxf1 39. Rxf1+ Kg7 40. Kd2 Bd5 41. Nf5+ Kh7 42.
Ne3 Ba8 43. Rf7+ Kg8 44. Rf6 Be4 45. Nxg4 Bxg2 46. Rg6+ Kf8 47. Nxh6 Bd5 48. Rxa6 Re5 49. Ng4 Rxh5 50. Kc3 Rh3+ 51. Kd2 Rg3 52. Ne3 Bf7 53. Ra5 Rg5 54. Ra7 Rh5 55. Rb7 Ke8 56. a4 Be6 57. a5 Kd8 58. a6 Bc8 59. Rb8 Rh2+ 60.
Kd3 Ra2 61. Rb6 Kc7 62. Nd5+ Kd8 63. Kc4 Rxa6 64. Kxc5 Rxb6 65. Nxb6 Ba6 66. b4 Kc7 67. Nd5+ Kb7 68. Nc3 Bd3 69. Nd5 Bf1 70. Ne3 Be2 71. Nf5 Bf1 72. Nd6+ Kc7 73. Nb5+ Kb7 74. Nc3 Kc7 75. Kd4 Kb6 76. Ke3 Kb7 77. Kf2 Bc4 78. Ke3 Kb6 79. Kd4 Bf1 80. Ke3 Kb7 81. Kd2 Bc4 82. Kc2 Kb6 83. Kb2 Kb7 84. Ne4 Kb6 85.
Kc3 Bf1 86. Nd2 Be2 87. Nb3 Kb7 88. Nc1 Bf1 89. Nd3 Kb6 90. Nc5 Be2 91. Nb3 Bf1 92.
Nd2 Be2 1/2-1/2

[Event "*** Titled Tuesday 3|2 Blitz"]
[Site "Chess.com"]
[Date "2016.05.03"]
[Round "8"]
[White "BahadirOzen"]
[Black "bugsbunny444"]
[Result "1/2-1/2"]
[WhiteElo "2496"]
[BlackElo "2390"]
[TimeControl "180+2"]
[EndTime "12:48:08 PDT"]
[Termination "Game drawn - insufficient material"]

1. b3 d5 2. Bb2 Nf6 3. Nf3 e6 4. g3 Be7 5. Bg2 O-O 6. O-O c5 7. d3 Nc6 8. Nbd2 d4 9. c3 e5 10.
Nc4 Qc7 11. Rc1 Rd8 12. cxd4 exd4 13. e3 dxe3 14. Nxe3 b6 15. b4 Nxb4 16. Ne5 Bb7 17. Qb3 Bd6 18. Nxf7 Qxf7 19. Bxb7 Rab8 20. Bxf6 Qxb3 21.
axb3 gxf6 22. Be4 Bf8 23. Rcd1 Rd7 24. Ng4 Kg7 25. Rd2 Rbd8 26. Rfd1 Bd6 27. Ne3 Be5 28. Nf5+ Kg8 29. f4 Bc3 30. Re2 Nxd3 31. Re3 Bd4 32. Nxd4 Nb4 33. Kg2 Rxd4 34. Rde1 Rd2+ 35. Kh3 R8d7 36. Bf5 Rc7 37. Re8+ Kg7 38. R1e7+ Rxe7 39. Rxe7+ Kf8 40. Rxa7 h5 41. Be6 Nd3 42. Rb7 Nf2+ 43.
Kh4 Ne4 44. Kxh5 Rxh2+ 45. Kg6 Nxg3 46. Kxf6 Rh6+ 47. Ke5 Ke8 48. Rxb6 Kd8 49. Rc6 Ne2 50.
Rc8+ Ke7 51. Rc7+ Kd8 52. Rd7+ Ke8 53. f5 Nd4 54. Rc7 Nxe6 55. fxe6 Rh3 56. Rxc5 Rxb3 57. Rc8+ Ke7 58. Rc7+ Ke8 59. Rc5 Ke7 60. Rc7+ Ke8 61.
Rh7 Rb1 62. Kd5 Rd1+ 63. Kc6 Rc1+ 64. Kd6 Rd1+ 65. Ke5 Re1+ 66. Kf5 Rf1+ 67. Kg5 Rg1+ 68. Kf6 Rf1+ 69. Kg6 Rg1+ 70. Kf5 Rf1+ 71. Ke4 Re1+ 72. Kd5 Rd1+ 73. Kc4 Rc1+ 74. Kd4 Rd1+ 75. Kc3 Re1 76. Rh6 Ke7 77. Kd4 Rxe6 78. Rxe6+ Kxe6 1/2-1/2

[Event "*** Titled Tuesday 3|2 Blitz"]
[Site "Chess.com"]
[Date "2016.05.03"]
[Round "8"]
[White "Anton_Demchenko"]
[Black "Gergo85"]
[Result "1-0"]
[WhiteElo "2652"]
[BlackElo "2439"]
[TimeControl "180+2"]
[EndTime "12:49:53 PDT"]
[Termination "Anton_Demchenko won on time"]

1. e4 d5 2. exd5 Qxd5 3. Nc3 Qd6 4. d4 Nf6 5. h3 g6 6. Nf3 Bg7 7.
Bc4 O-O 8. O-O a6 9. a4 Nc6 10. Be3 Bf5 11. Qc1 Qd7 12. Rd1 Rad8 13. Ne5 Qe8 14. f4 Nxe5 15. dxe5 Ne4 16. Nd5 e6 17. Nb4 h5 18. Rxd8 Qxd8 19. Qe1 Qe7 20. Nd3 Rd8 21. a5 Qe8 22. Rd1 Bf8 23. Qe2 Qa4 24. Bb3 Qxa5 25. g4 hxg4 26. hxg4 Ng3 27. Qf3 Bxg4 28. Qxg4 Nf5 29.
Bf2 c5 30. c4 Qc7 31. Bc2 Rd7 32. Ne1 Rxd1 33. Qxd1 b5 34. Bxf5 exf5 35. Qd5 Qc8 36.
Nf3 Bh6 37. Be3 bxc4 38. Qxc4 Qb7 39. Ng5 Bxg5 40. fxg5 Qxb2 41. Qxc5 Qb1+ 42. Kf2 Qe4 43. Qd4 Qc2+ 44. Kf3 Qc6+ 45. Kg3 Qe6 46. Qc5 Kh7 47.
Kf3 Qb3 48. Ke2 Qa2+ 49. Bd2 Qe6 50. Qd6 Qc4+ 51. Ke1 Qe4+ 52. Kd1 Qc4 53. Qe7 f4 54. Qf6 Qb3+ 55. Ke2 f3+ 56. Qxf3 Qc4+ 57. Ke1 Qe6 58. Qf4 a5 59. Bxa5 Qb3 60. Bd2 Kg8 61. Ke2 Qd5 62.
Kf2 Qe6 63. Be3 Kh7 64. Qf6 Qd5 65. Qf4 Qe6 66. Bd4 Kg8 67. Ke3 Qb3+ 68. Ke2 Qa2+ 69. Kf3 Qe6 70. Be3 Qh3+ 71. Kf2 Qe6 72. Kg3 Kh7 73.
Qh4+ Kg8 74. Qd4 Kh7 75. Qd6 Qb3 76. Qb6 Qd5 77. Qc7 Qb3 78. Kf2 Qa2+ 79. Kf3 Qd5+ 80. Kf4 Qe6 81. Qd6 Qc4+ 82. Kg3 Qb3 83. Kf2 Qa2+ 84.
Kf3 Qb3 85. e6 Qb7+ 86. Kg3 fxe6 87. Qxe6 Qc7+ 88. Kh3 Qb7 89. Qe5 Qh1+ 90. Kg3 Qe1+ 91. Kf3 Qf1+ 92. Bf2 Qd3+ 93. Kg2 Qd7 94. Kg3 Qd3+ 95.
Be3 Qd7 96. Bd4 1-0

[Event "*** Titled Tuesday 3|2 Blitz"]
[Site "Chess.com"]
[Date "2016.05.03"]
[Round "9"]
[White "BartoszSocko"]
[Black "Lupul_Cenusiu"]
[Result "1-0"]
[WhiteElo "2663"]
[BlackElo "2447"]
[TimeControl "180+2"]
[EndTime "12:53:40 PDT"]
[Termination "BartoszSocko won by resignation"]

1. e4 c5 2. Nf3 e6 3. d4 cxd4 4. Nxd4 a6 5. Nc3 Nc6 6. Be2 Qc7 7. Be3 Nf6 8. a3 Be7 9. f4 d6 10. g4 Nd7 11. g5 b6 12. Nxc6 Qxc6 13. Qd4 e5 14.
Qd2 exf4 15. Bxf4 Ne5 16. O-O-O Be6 17. Nd5 Bxd5 18. exd5 Qd7 19. Bxe5 dxe5 20. d6 Bd8 21. h4 O-O 22. h5 b5 23. g6 h6 24. Kb1 f5 25.
Qd5+ Kh8 26. Qxa8 1-0

[Event "*** Titled Tuesday 3|2 Blitz"]
[Site "Chess.com"]
[Date "2016.05.03"]
[Round "9"]
[White "pKiLz5Rn9b"]
[Black "UltimateCrusher2"]
[Result "1-0"]
[WhiteElo "2401"]
[BlackElo "2092"]
[TimeControl "180+2"]
[EndTime "12:54:21 PDT"]
[Termination "pKiLz5Rn9b won by resignation"]

1. e4 b6 2. d4 Bb7 3. Bd3 e6 4.
Nc3 Nf6 5. Nge2 c5 6. O-O cxd4 7. Nxd4 Be7 8. f4 d6 9. Be3 Nbd7 10. Qf3 a6 11.
Rae1 Nc5 12. g4 Qc7 13. g5 Nfd7 14. h4 O-O-O 15. Qe2 Kb8 16. a4 h6 17. a5 b5 18.
Bxb5 axb5 19. Ndxb5 Qc6 20. b4 Nxe4 21. Ba7+ Ka8 22.
Nxe4 Ba6 23. c4 d5 24. Nec3 dxc4 25. Nd4 Qd5 26. Nxd5 Kxa7 27. Nxe7 Nb8 28. Ndc6+ 1-0

[Event "*** Titled Tuesday 3|2 Blitz"]
[Site "Chess.com"]
[Date "2016.05.03"]
[Round "9"]
[White "destroyer305"]
[Black "saraswathii"]
[Result "1-0"]
[WhiteElo "2250"]
[BlackElo "1963"]
[TimeControl "180+2"]
[EndTime "12:54:48 PDT"]
[Termination "destroyer305 won by resignation"]

1. e4 c5 2. d4 cxd4 3. c3 dxc3 4.
Nxc3 Nc6 5. Nf3 e6 6. Bc4 Nf6 7. O-O Be7 8. e5 Ng4 9. Qe2 Qc7 10. Re1 O-O 11. h3 Ngxe5 12. Nb5 Nxf3+ 13. Qxf3 Qb6 14. Be3 Bc5 15. Bf4 Nd4 16. Nxd4 Bxd4 17. Rad1 d5 18. Bd3 Bf6 19. g4 h6 20. Qg3 Qxb2 21. h4 Bc3 22.
Re2 Qb6 23. g5 h5 24. g6 f6 25. Qf3 Rd8 26. Qxh5 1-0

[Event "*** Titled Tuesday 3|2 Blitz"]
[Site "Chess.com"]
[Date "2016.05.03"]
[Round "9"]
[White "yian123"]
[Black "BahadirOzen"]
[Result "0-1"]
[WhiteElo "2419"]
[BlackElo "2503"]
[TimeControl "180+2"]
[EndTime "12:54:59 PDT"]
[Termination "BahadirOzen won by resignation"]

1. e4 d6 2. d4 Nf6 3. Nc3 Nbd7 4. f4 e5 5. Nf3 exd4 6. Qxd4 c6 7. a4 d5 8. exd5 Bc5 9. Qc4 O-O 10. b4 cxd5 11.
Qb3 Qe7+ 12. Be2 Bxb4 13. Bd2 Re8 14. Nd4 Nc5 15. Qb2 Bg4 16. O-O Bxc3 17. Qxc3 Bxe2 18.
Rfe1 Nce4 19. Qb2 Ba6 0-1

[Event "*** Titled Tuesday 3|2 Blitz"]
[Site "Chess.com"]
[Date "2016.05.03"]
[Round "9"]
[White "hellokostya"]
[Black "Aygehovit1992"]
[Result "0-1"]
[WhiteElo "2263"]
[BlackElo "2506"]
[TimeControl "180+2"]
[EndTime "12:55:01 PDT"]
[Termination "Aygehovit1992 won by resignation"]

1. d4 Nf6 2. c4 g6 3. Nc3 d5 4. cxd5 Nxd5 5. e4 Nxc3 6. bxc3 Bg7 7. Nf3 c5 8. Be3 Qa5 9. Nd2 cxd4 10. Nc4 Qd8 11.
cxd4 Nc6 12. d5 Ne5 13. Rc1 O-O 14. Nxe5 Bxe5 15. f4 Bg7 16. Bc4 e6 17. dxe6 Bxe6 18. Qxd8 Rfxd8 19. Bxe6 fxe6 20. Ke2 Rd6 21. Rc7 Ra6 22.
Rxb7 Rxa2+ 23. Kf3 Ra3 24. Rd1 a5 25. e5 a4 26.
Rdd7 Bf8 27. Ra7 Rxa7 28. Rxa7 Rxe3+ 0-1

[Event "*** Titled Tuesday 3|2 Blitz"]
[Site "Chess.com"]
[Date "2016.05.03"]
[Round "9"]
[White "jk13"]
[Black "PowerThinking2650"]
[Result "1-0"]
[WhiteElo "2411"]
[BlackElo "2172"]
[TimeControl "180+2"]
[EndTime "12:55:29 PDT"]
[Termination "jk13 won by resignation"]

1. d4 Nf6 2. Bf4 g6 3. e3 Bg7 4.
h3 O-O 5. Nf3 d6 6. Be2 b6 7.
O-O Bb7 8. a4 a6 9. c3 Nbd7 10.
Bh2 Ne4 11. Nbd2 e5 12. Nxe4 Bxe4 13. Nd2 Bb7 14. Bf3 Qc8 15. Re1 h6 16. b4 Kh7 17.
Rc1 f5 18. Bxb7 Qxb7 19. Nb3 Rae8 20. dxe5 Nxe5 21. c4 Qe4 22. f3 Qd3 23. Bxe5 Qxd1 24. Rcxd1 Rxe5 25. a5 Rfe8 26. Rd3 bxa5 27. Nxa5 Rb8 28.
Nc6 Rb6 29. Nxe5 Bxe5 30. Rb1 a5 31. f4 Bf6 32. b5 g5 33. g3 Kg6 34. Ra3 1-0

[Event "*** Titled Tuesday 3|2 Blitz"]
[Site "Chess.com"]
[Date "2016.05.03"]
[Round "9"]
[White "Journey_to_GrandMaster_YT"]
[Black "Mischuk_D"]
[Result "1-0"]
[WhiteElo "2356"]
[BlackElo "2446"]
[TimeControl "180+2"]
[EndTime "12:55:39 PDT"]
[Termination "Journey_to_GrandMaster_YT won by resignation"]

1. d4 Nf6 2. c4 b6 3. Nc3 Bb7 4. d5 e6 5. e4 Bb4 6. Bd3 Bxc3+ 7. bxc3 e5 8. Ne2 d6 9. O-O O-O 10. f4 exf4 11. Bxf4 Ng4 12. Nd4 Ne5 13. Nf5 Bc8 14. Bxe5 dxe5 15. Qf3 Bxf5 16. Qxf5 Nd7 17. Rf3 Qe7 18.
Raf1 g6 19. Qg4 Nc5 20. Bc2 f6 21. Rh3 Kh8 22. Rh6 Rg8 23. Rf3 Raf8 24. Rfh3 Qf7 25. Rxh7+ Qxh7 26. Rxh7+ Kxh7 27. h4 Nb7 28. Ba4 Nd6 29. Bd7 f5 30. exf5 gxf5 31. Qh5+ Kg7 32. Qg5+ Kh7 33. Qh5+ Kg7 34. Be6 Rh8 35. Qg5+ Kh7 36.
h5 Rhg8 37. Bxg8+ Rxg8 38. Qe7+ Rg7 39. Qxe5 Kh6 40. Qf6+ Kh7 41. h6 Rg6 42. Qe7+ Kxh6 43. Qxc7 Nxc4 44. Qxc4 1-0

[Event "*** Titled Tuesday 3|2 Blitz"]
[Site "Chess.com"]
[Date "2016.05.03"]
[Round "9"]
[White "wonderfultime"]
[Black "Kacparov"]
[Result "1-0"]
[WhiteElo "2609"]
[BlackElo "2586"]
[TimeControl "180+2"]
[EndTime "12:55:53 PDT"]
[Termination "wonderfultime won by resignation"]

1. d4 g6 2. e4 Bg7 3. Nc3 d6 4. Be3 Nd7 5. h4 Ngf6 6. Be2 h5 7. Nh3 c6 8. Qd2 b5 9. f3 Bb7 10. Ng5 a6 11. Nd1 Qc7 12. Nf2 c5 13. O-O-O Rc8 14. Kb1 O-O 15. g4 cxd4 16. Bxd4 Ne5 17. gxh5 Nxh5 18. f4 Ng3 19. fxe5 dxe5 20. Be3 Rfd8 21.
Bd3 Nxh1 22. Rxh1 a5 23. h5 gxh5 24. Qe2 e6 25. Qxh5 Rd7 26. Rf1 b4 27. Ng4 Ba6 28. Qh7+ Kf8 29. Nxe6+ Ke7 30. Nxc7 1-0

[Event "*** Titled Tuesday 3|2 Blitz"]
[Site "Chess.com"]
[Date "2016.05.03"]
[Round "9"]
[White "JusticeBot"]
[Black "Bentery"]
[Result "0-1"]
[WhiteElo "2515"]
[BlackElo "2374"]
[TimeControl "180+2"]
[EndTime "12:55:56 PDT"]
[Termination "Bentery won by checkmate"]

1. e4 e6 2. d4 d5 3. Nd2 c5 4. exd5 exd5 5. Ngf3 Nc6 6. Bb5 Qe7+ 7. Be2 Qc7 8. Bb5 Qe7+ 9. Be2 Qc7 10. O-O Nf6 11. Bb5 Bd6 12. Re1+ Be6 13. dxc5 Bxc5 14. Nb3 Bb6 15. Nbd4 O-O 16. Bxc6 bxc6 17. Nxe6 fxe6 18. Rxe6 Ng4 19. Be3 Rxf3 20. gxf3 Qxh2+ 21. Kf1 Bxe3 22. Ke2 Qxf2+ 23. Kd3 Kf7 24. Rd6 Bc5 25. Rd7+ Ke6 26. Qe1+ Ne5+ 27. Kc3 Qd4+ 28. Kb3 Qc4# 0-1

[Event "*** Titled Tuesday 3|2 Blitz"]
[Site "Chess.com"]
[Date "2016.05.03"]
[Round "9"]
[White "evgenyermolaev"]
[Black "severomorskij"]
[Result "0-1"]
[WhiteElo "2295"]
[BlackElo "2606"]
[TimeControl "180+2"]
[EndTime "12:56:03 PDT"]
[Termination "severomorskij won on time"]

1. e4 c5 2. Nf3 Nc6 3. Bb5 e6 4.
O-O Nge7 5. Re1 Ng6 6. e5 Be7 7. Bxc6 bxc6 8. Nc3 f6 9. exf6 gxf6 10. d3 d5 11. b3 e5 12. Na4 Rg8 13. c4 Bg4 14. Kh1 Nh4 15. d4 cxd4 16. cxd5 Qxd5 0-1

[Event "*** Titled Tuesday 3|2 Blitz"]
[Site "Chess.com"]
[Date "2016.05.03"]
[Round "9"]
[White "Gevorg_Harutjunyan"]
[Black "iturrizaga"]
[Result "1-0"]
[WhiteElo "2626"]
[BlackElo "2581"]
[TimeControl "180+2"]
[EndTime "12:56:35 PDT"]
[Termination "Gevorg_Harutjunyan won by resignation"]

1. e4 c5 2. Nc3 g6 3. f4 Bg7 4. Nf3 Nc6 5. Bb5 Nd4 6. Bd3 b6 7. O-O Bb7 8. Nxd4 Bxd4+ 9. Kh1 Nh6 10. Qe2 O-O 11. Rb1 f5 12. b4 cxb4 13. Rxb4 Bg7 14. e5 d6 15. Bc4+ Kh8 16. d4 dxe5 17. dxe5 Rc8 18. Rd1 Qc7 19. Be3 Rfd8 20. Rxd8+ Rxd8 21. Nb5 Qb8 22. Nd4 Bd5 23. Bxd5 Rxd5 24. Qf3 Rc5 25. Nc6 Rxc6 26. Qxc6 g5 27. Rc4 1-0

[Event "*** Titled Tuesday 3|2 Blitz"]
[Site "Chess.com"]
[Date "2016.05.03"]
[Round "9"]
[White "Alexander_Donchenko"]
[Black "jsdbv"]
[Result "0-1"]
[WhiteElo "2626"]
[BlackElo "2352"]
[TimeControl "180+2"]
[EndTime "12:56:43 PDT"]
[Termination "jsdbv won by resignation"]

1. d4 Nf6 2. c4 e6 3. g3 c5 4. d5 exd5 5. cxd5 d6 6. Nc3 g6 7. Bg2 Bg7 8. Nf3 O-O 9. O-O a6 10. a4 Re8 11. Bf4 h6 12. Re1 Bf5 13.
Nd2 g5 14. e4 Bg4 15. f3 gxf4 16. fxg4 fxg3 17. hxg3 Nbd7 18. Rf1 Ne5 19. Rf4 Qb6 20.
Rb1 Qb4 21. Qf1 Qd4+ 22. Qf2 Nd3 23. Qxd4 cxd4 24. Ne2 Nxf4 25. gxf4 Nxd5 26. Kf2 Ne3 27. Bf3 Rac8 28. Nc1 Rc2 29. Ke1 Bf6 30. Nd3 Bh4+ 31. Ke2 Nc4 32. Rd1 Nxb2 33. Nxb2 Rxb2 34.
Kd3 Rc8 35. Kxd4 Bg3 36. f5 Be5+ 37. Kd3 Rc3+ 38. Ke2 Bf4 39. Ke1 Rxd2 40. Rxd2 Bxd2+ 0-1